 Dungeon Crawl Stone Soup version 0.31.0-32-g396128a36d (webtiles) character file.

Game seed: 17938878851970836070

1400 FexLirch the Shooter (level 9, -2/68 HPs)
             Began as a Formicid Hexslinger on Mar 15, 2024.
             Killed from afar by a white imp (7 damage)
             ... with a puff of frost
             ... on level 6 of the Dungeon.
             The game lasted 00:12:55 (4710 turns).

FexLirch the Shooter (Formicid Hexslinger)          Turns: 4710, Time: 00:12:56

Health: -2/68      AC:  3    Str: 12    XL:     9   Next: 1%
Magic:  0/10       EV: 14    Int: 14    God:
Gold:   284        SH:  0    Dex: 20    Spells: 4/10 levels left

rFire   . . .        d - +3 sling (flame)
rCold   . . .        (no shield)
rNeg    . . .        t - +0 troll leather armour {Pargi}
rPois   .            (helmet unavailable)
rElec   .            (no cloak)
rCorr   .            (no gloves)
SInv    +            (no boots)
Will    .....        q - amulet of guardian spirit
Stlth   +            (no ring)
HPRegen 1.11/turn    (no ring)
MPRegen 0.12/turn

%: guardian spirit
@: no status effects
A: permanent stasis, dig shafts and tunnels, antennae 3, four strong arms
a: Dig, Shaft Self


You were on level 6 of the Dungeon.
You visited 1 branch of the dungeon, and saw 6 of its levels.
You also visited: Sewer.

You collected 284 gold pieces.

Inventory:

Hand Weapons
 a - a +1 sling
 d - a +3 sling of flaming (weapon)
 s - a +0 orcbow
Missiles
 f - 31 stones
 j - 3 boomerangs
Armour
 c - a +0 robe
 t - a +0 troll leather armour (worn) {Pargi}
Jewellery
 q - an amulet of guardian spirit (around neck)
Wands
 y - a wand of paralysis (8)
Scrolls
 g - a scroll of immolation {unknown}
 i - a scroll of brand weapon {unknown}
 n - a scroll of enchant armour {unknown}
 u - a scroll of teleportation {unknown}
 w - a scroll of noise
 x - a scroll of identify
Potions
 e - 2 potions of lignification {unknown}
 k - a potion of cancellation {unknown}
 l - a potion of mutation {unknown}
 m - 3 potions of brilliance
 o - a potion of ambrosia
 p - a potion of magic {unknown}
 r - 2 potions of haste {unknown}
 v - a potion of attraction {unknown}


   Skills:
 + Level 5.1 Fighting
 * Level 6.8 Ranged Weapons
 + Level 4.5 Dodging
 - Level 1.1 Spellcasting
 + Level 6.6 Hexes
 - Level 1.0 Fire Magic


You had 4 spell levels left.
You knew the following spells:

 Your Spells              Type           Power      Damage    Failure   Level
a - Tukima's Dance        Hex            19%        N/A       6%          3
b - Sigil of Binding      Hex            19%        N/A       6%          3

Your spell library contained the following spells:

 Spells                   Type           Power      Damage    Failure   Level
 Jinxbite                 Hex            38%        N/A       3%          2
 Inner Flame              Hex/Fire       11%        N/A       21%         3
 Cause Fear               Hex            9%         N/A       22%         4
 Cigotuvi's Dreadful Rot  Necr/Alch/Air  0%         N/A       45%         2
 Dimensional Bullseye     Hex/Tloc       5%         N/A       63%         4
 Frozen Ramparts          Ice            0%         1d1       69%         3
 Ignite Poison            Fire/Alch      2%         N/A       95%         4
 Iskenderun's Mystic Bla  Conj/Tloc      0%         2d3       97%         4
 Leda's Liquefaction      Alch/Erth      0%         N/A       97%         4
 Petrify                  Alch/Erth      0%         N/A       97%         4
 Metabolic Englaciation   Hex/Ice        5%         N/A       93%         5
 Freezing Cloud           Conj/Ice/Air   0%         6-21      100%        5


Dungeon Overview and Level Annotations

Branches:
Dungeon (6/15)              Sewer (visited)
 Temple: D:4-7

Altars:
Gozag
Kikubaaqudgha
Nemelex Xobeh

Shops:
D:3 *


Innate Abilities, Weirdness & Mutations

You cannot be hasted, slowed, berserked, paralysed or teleported.
You can dig through walls and to a lower floor.
You have a pair of large antennae on your head. (SInv)
Your four strong arms can wield two-handed weapons with a shield.


Message History

The sling bullet barely misses the ufetubus.
The ufetubus hits you. x2; The white imp barely misses you.
The sky beast hits you. The sky beast shocks you.
* * * LOW HITPOINT WARNING * * *
The ufetubus closely misses you. The ufetubus hits you.
* * * LOW HITPOINT WARNING * * *
The white imp hits you but does no damage.
The sky beast hits you but does no damage.
The ufetubus hits you.
* * * LOW HITPOINT WARNING * * *
The ufetubus hits you but does no damage.
Your binding sigils disappear.
Casting: Sigil of Binding (dangerous; 6% risk of failure)
Confirm with . or Enter, or press ? or * to list all spells.
Okay, then.
Unknown command.
As you read the scroll labelled ZURO OMPIMUENY, it crumbles to dust.
You hear a loud clanging noise!
It was a scroll of noise.
You hear an angry hiss.
The ufetubus barely misses you. The ufetubus hits you.
* * * LOW HITPOINT WARNING * * *
The sky beast hits you.
* * * LOW HITPOINT WARNING * * *
The sky beast shocks you.
* * * LOW HITPOINT WARNING * * *
The white imp misses you.
The ufetubus hits you but does no damage.
The ufetubus hits you.
* * * LOW HITPOINT WARNING * * *
Unknown command.
As you read the scroll labelled UNISECH XOKA, it crumbles to dust.
It is a scroll of enchant weapon.
Your +2 sling of flaming glows red for a moment.
The ufetubus hits you.
* * * LOW HITPOINT WARNING * * *
The ufetubus closely misses you. The sky beast misses you.
The white imp gestures at you. The puff of frost hits you!
You die...

#......#
#....>.#
#......#
#......#
#......#
#......#
#......#
#......#
#...@5.#
#...5Y.#
#......#
#......#
#......#
#......#
#......#
+......#
#......#


You could see a sky beast (invisible), a white imp and an ufetubus.

Vanquished Creatures
  A water moccasin (D:5)
  A black bear (D:5)
  Pargi (Sewer)
  An ogre (D:5)
  A phantom (D:4)
  A brain worm (Sewer)
  A scorpion (D:4)
  3 bombardier beetles
  3 hounds (D:5)
  A jelly (Sewer)
  An orc priest (D:5)
  A sleepcap (D:4)
  2 orc wizards
  2 iguanas (D:4)
  11 adders
  4 gnolls (D:3)
  A river rat (D:4)
  A white imp (D:6)
  3 ufetubi
  A dart slug (D:2)
  3 ribbon worms
  16 orcs
  3 bats
  5 endoplasms
  6 giant cockroaches
  4 goblins
  12 hobgoblins
  2 jackals (D:3)
  15 kobolds
  2 quokkas
  11 ball pythons
  3 frilled lizards
  6 rats
129 creatures vanquished.

Vanquished Creatures (collateral kills)
  Sigmund (D:4)
1 creature vanquished.

Grand Total: 130 creatures vanquished

Notes
Turn   | Place    | Note
-------+----------+-------------------------------------------
     0 | D:1      | FexLirch the Formicid Hexslinger began the quest for the
                  | Orb.
     0 | D:1      | Reached XP level 1. HP: 15/15 MP: 2/2
   140 | D:1      | Reached XP level 2. HP: 21/21 MP: 3/3
   612 | D:2      | Reached XP level 3. HP: 27/27 MP: 4/4
   875 | D:2      | Reached XP level 4. HP: 19/33 MP: 5/5
  1569 | D:2      | Reached XP level 5. HP: 30/38 MP: 6/6
  1781 | D:3      | Learned a level 3 spell: Tukima's Dance
  2103 | D:3      | Reached XP level 6. HP: 46/46 MP: 7/7
  2198 | D:3      | Found an opulent altar of Gozag.
  2307 | D:3      | Found Gozag's Platinum Reserve.
  2401 | D:3      | Found a faded altar of an unknown god.
  2868 | D:4      | Reached skill level 5 in Hexes
  2868 | D:4      | Reached XP level 7. HP: 15/52 MP: 8/8
  2999 | D:4      | Found an ancient bone altar of Kikubaaqudgha.
  3006 | D:4      | Found a sparkling altar of Nemelex Xobeh.
  3050 | D:4      | Noticed Sigmund
  3245 | D:4      | Reached skill level 5 in Ranged Weapons
  3283 | D:4      | Found a glowing drain.
  3292 | Sewer    | Entered a sewer
  3396 | Sewer    | Noticed Pargi
  3402 | Sewer    | Learned a level 3 spell: Sigil of Binding
  3547 | Sewer    | Killed Pargi
  3548 | Sewer    | Reached XP level 8. HP: 11/60 MP: 0/9
  3856 | D:4      | Killed Sigmund
  3974 | D:5      | Entered Level 5 of the Dungeon
  4410 | D:5      | Reached skill level 5 in Fighting
  4525 | D:5      | Reached XP level 9. HP: 68/68 MP: 10/10
  4696 | D:6      | HP: 2/68 [ufetubus (2)]
  4710 | D:6      | Killed from afar by a white imp

Illustrated notes

Levels and vault maps discovered:
D:1:      reono_arrival_mine, layout_basic
D:2:      layout_loops_corners, nicolae_hexahallways, grunt_ministairs_8,
          minmay_domino_4
D:3:      layout_loops_ring, nicolae_gozag_zags_fifth_avenue,
          nicolae_ecumenical_pavilion
D:4:      layout_rooms, jmf_multi_god_temple2, portal_sewer_entry_b,
          uniq_sigmund
D:5:      layout_basic
D:6:      layout_gridville, minmay_temple_entry_tees

Skill      XL: |  1  2  3  4  5  6  7  8 |
---------------+-------------------------+-----
Dodging        | 2 3 4 |  4.5
Hexes          | 4 5 6 |  6.6
Ranged Weapons | 3 4 5 6 |  6.8
Fighting       | 2 3 4 5 |  5.1
Spellcasting   | |  1.1
Fire Magic     | |  1.0

Action                     |  1- 3 |  4- 6 |  7- 9 || total
---------------------------+-------+-------+-------++-------
   Fire: Sling             |    73 |   175 |   249 ||   497
   Cast: Sigil of Binding  |       |       |     2 ||     2
         Tukima's Dance    |       |       |     1 ||     1
    Use: Scroll            |     2 |     1 |     4 ||     7
         Potion            |       |       |     8 ||     8
 Armour: Robe              |    18 |    45 |    66 ||   129
         Troll leather arm |       |       |   101 ||   101
  Dodge: Dodged            |    35 |    49 |   189 ||   273
